 Dungeon Crawl Stone Soup version 0.27.0-1-g7a089689b8 (webtiles) character file.

Game seed: 418835586589755236

109 SweetAndFullOfGrace the Chopper (level 4, -2/37 HPs)
             Began as a Palentonga Monk on Aug 9, 2021.
             Engulfed by a cloud of freezing vapour (9 damage)
             ... on level 4 of the Dungeon.
             The game lasted 00:12:59 (4469 turns).

SweetAndFullOfGrace the Chopper (Palentonga Monk)   Turns: 4469, Time: 00:13:00

Health: -2/37      AC:  5    Str: 14    XL:     4   Next: 59%
Magic:  4/4        EV: 10    Int: 12    God:
Gold:   151        SH:  0    Dex: 12    Spells: 3/3 levels left

rFire    + . .     SeeInvis +   a - +1 hand axe
rCold    + . .     Faith    .   (no shield)
rNeg     . . .     Spirit   .   b - +0 robe
rPois    +         Reflect  .   (no helmet)
rElec    +         Harm     .   k - +0 cloak
rCorr    +         Rampage  .   (no gloves)
Will     .....                  (no barding)
Stlth    ++........             (no amulet)
HPRegen  0.12/turn              l - ring of wizardry
MPRegen  0.09/turn              (no ring)

@: resistant
A: large, rugged brown scales 3, see invisible, deformed body, roll 1, armoured
tail
a: Rolling Charge


You were on level 4 of the Dungeon.
You visited 1 branch of the dungeon, and saw 5 of its levels.

You collected 248 gold pieces.
You spent 97 gold pieces at shops.

Inventory:

Hand Weapons
 a - a +1 hand axe (weapon)
 d - a +4 dagger of speed
 i - a +0 hunting sling
Missiles
 c - 7 silver boomerangs
 f - 20 sling bullets
 h - 82 stones (quivered)
 s - 18 bolts
Armour
 b - a +0 robe (worn)
 k - a +0 cloak (worn)
Jewellery
 l - a ring of wizardry (left hand)
Wands
 v - a wand of acid (9)
Scrolls
 e - a scroll of fog
 g - a scroll of silence {unknown}
 j - a scroll of magic mapping
 m - a scroll of teleportation
 n - a scroll of vulnerability
 q - 3 scrolls of blinking
 r - a scroll of enchant weapon
Potions
 o - a potion of attraction
 p - a potion of might {unknown}
 t - a potion of curing {unknown}
 u - 3 potions of degeneration {unknown}


   Skills:
 + Level 3.5 Fighting
 * Level 4.1 Axes
 + Level 2.9 Dodging
 + Level 1.9 Stealth


You had 3 spell levels left.
You didn't know any spells.
Your spell library contained the following spells:

 Spells                   Type           Power      Damage    Failure   Level
 Magic Dart               Conj           0%         1d3       13%         1
 Call Imp                 Summ           0%         N/A       21%         2
 Mephitic Cloud           Conj/Pois/Air  0%         N/A       36%         3


Dungeon Overview and Level Annotations

Branches:
Dungeon (5/15)
 Temple: D:4-7

Altars:
Kikubaaqudgha
Okawaru
Ru
Yredelemnul
The Shining One

Shops:
D:3 *

Annotations:
D:4 1 transporter


Innate Abilities, Weirdness & Mutations

You are completely covered in rugged brown scales. (AC +3, +7% HP)
You have supernaturally acute eyesight. (SInv)
Armour fits poorly on your strangely shaped body.
You can roll at nearby foes to attack.
You have a long armoured tail.


Message History

A dart slug comes into view.
The helpless dart slug fails to defend itself.
You hit the dart slug.
The dart slug is lightly wounded.
The dart slug bites you but does no damage.
You barely miss the dart slug.
The dart slug is lightly wounded.
The dart slug bites you but does no damage.
You hit the dart slug.
The dart slug is severely wounded.
You slash the dart slug!
You kill the dart slug!
No target in view!
Found a stone staircase leading down.
There is a transporter here.
You enter the transporter and appear at another place.
g - a potion of resistance
There is a transporter landing site here.
You feel protected.
You open the gate. The ice beast hits you. The ice beast freezes you.
You resist.
There is an open gate here.
Really walk into that cloud of freezing vapour?
Really walk into a travel-excluded area?
You are engulfed in freezing vapours.
You resist. The ice beast hits you. The ice beast freezes you. You resist.
The ice beast closely misses you.
You are engulfed in freezing vapours.
You resist.
* * * LOW HITPOINT WARNING * * *
The ice beast misses you. The ice beast closely misses you.
You see here a scroll labelled NUSTRU OSIAC.
g - a scroll labelled NUSTRU OSIAC The ice beast completely misses you.
The ice beast barely misses you.
You see here a wand of acid (9).
v - a wand of acid (9)
The ice beast closely misses you.
The ice beast hits you but does no damage.
Really walk into a travel-excluded area?
You are engulfed in freezing vapours.
You resist.
You die...

####.#...........#######.....##
#.#...........# #.#.#.#
#.#...........## #.# ..
####.#............## #.# ##
.....#.............## #.#
###..#..............# #.#
..#..#####.######.©.## #.#
#.#..#####.# ###########.#
#....##.##.###○°@.Y$°☼○#.#
##...##......#°☼○YY$☼○○#.#
#...##.##.#.#°.○...○☼°#.#
##...##.##.#.#○°☼○°○°☼☼#.#
.....##.##.#.#☼☼°○☼°○○°#.#
...#.##.##.#)####○'○####.##
..............#°....°°#...#
.#.........#..#○○#.#○☼#...#
##.#.......#..#○°...°○#..>#


You could see 3 ice beasts.

Vanquished Creatures
  A hound skeleton (D:4)
  An adder (D:2)
  An ufetubus (D:4)
  2 worms
  3 dart slugs
  2 orcs
  2 bats
  4 endoplasms
  4 giant cockroaches
  6 goblins
  6 hobgoblins
  11 jackals
  3 quokkas
  3 ball pythons
  5 frilled lizards
  5 kobolds
  3 rats (D:2)
62 creatures vanquished.

Notes
Turn   | Place    | Note
-------+----------+-------------------------------------------
     0 | D:1      | SweetAndFullOfGrace the Palentonga Monk began the quest for
                  | the Orb.
     0 | D:1      | Reached XP level 1. HP: 19/19 MP: 1/1
    97 | D:1      | Reached XP level 2. HP: 15/25 MP: 2/2
   552 | D:1      | Found a faded altar of an unknown god.
   861 | D:2      | Reached XP level 3. HP: 30/31 MP: 3/3
  1715 | D:2      | HP: 3/31 [poisoned by an adder]
  1717 | D:2      | HP: 1/31 [poisoned by an adder]
  2468 | D:3      | Found a basalt altar of Yredelemnul.
  2564 | D:3      | Found a glowing golden altar of the Shining One.
  2569 | D:3      | Found a sacrificial altar of Ru.
  3034 | D:3      | Reached XP level 4. HP: 37/37 MP: 4/4
  3040 | D:3      | Found Wibrua Inem's General Store.
  3048 | D:3      | Bought a scroll of blinking for 97 gold pieces
  3252 | D:4      | Found an ancient bone altar of Kikubaaqudgha.
  3331 | D:4      | Found an iron altar of Okawaru.
  3336 | D:4      | Reached skill level 4 in Axes
  3600 | D:4      | Noticed an ogre
  3938 | D:4      | Found a transporter.
  3944 | D:4      | Noticed an ice beast
  3944 | D:4      | Noticed an ice beast
  3944 | D:4      | Noticed an ice beast
  4040 | D:4      | Found a transporter.
  4052 | D:4      | Noticed a black bear
  4070 | D:4      | HP: 3/37 [black bear (4)]
  4361 | D:5      | Entered Level 5 of the Dungeon
  4469 | D:4      | Engulfed by a cloud of freezing vapour

Illustrated notes

Levels and vault maps discovered:
D:1:      psy_arrival_whirlpool, layout_rooms,
          shapermc_ecumenical_altar_mp_vishouse
D:2:      layout_basic, hangedman_decor_clover_reticule, minmay_crystal_room
D:3:      layout_loops_ring, nicolae_overflow_hidden_temple,
          lemuel_crystal_altar, old_standard_altar, serial_shops,
          nicolae_shop_competitors_out_of_business
D:4:      gammafunk_cloud_chamber, layout_basic, okawaru_gym_becter,
          mainiacjoe_overflow_cross_hatched, serial_shops, shop,
          serial_bayou_pond_c, abandoned_shop, chequers_serial_rivers_small_b
D:5:      old_forge, layout_loops_ring, mainiacjoe_overflow_small_starburst,
          uniq_edmund

Skill      XL: |  1  2  3  4 |
---------------+-------------+-----
Axes           | 4 |  4.1
Fighting       | |  3.5
Dodging        | |  2.9
Stealth        | |  1.9

Action                   |  1- 3 |  4- 6 || total
-------------------------+-------+-------++-------
Melee: Hand axe          |   145 |    74 ||   219
       Tailslap          |    18 |     9 ||    27
Throw: Stone             |     1 |       ||     1
 Abil: Rolling Charge    |     9 |     5 ||    14
  Use: Scroll            |     1 |     5 ||     6
       Potion            |       |     1 ||     1
 Stab: Sleeping          |     1 |     1 ||     2
Armor: Robe              |    50 |    44 ||    94
Dodge: Dodged            |    84 |    57 ||   141

Table legend: (Time is in decaauts)
 A = Elapsed time spent in this place.
 B = Non-inter-level travel time spent in this place.
 C = Inter-level travel time spent in this place.
 D = Time resting spent in this place.
 E = Time spent auto-exploring this place.
 F = Levels seen in this place.
 G = Mean time per level.
                   A        B        C        D        E       F      G
               +--------+--------+--------+--------+--------+-----+--------+
         Total |   4496 |   4357 |    139 |    410 |   3136 |   5 |  899.2 |
       Dungeon |   4496 |   4357 |    139 |    410 |   3136 |   5 |  899.2 |
               +--------+--------+--------+--------+--------+-----+--------+

Top non-repeatable levels by time:
     D:2: 1478 daAuts
     D:3: 1117 daAuts
     D:4: 1076 daAuts
     D:1: 817 daAuts
     D:5: 6 daAuts

Table legend:
 A = Non-vault XP
 B = Vault XP
 C = Vault XP percentage of total XP
 D = Non-vault monster count
 E = Vault monster count
 F = Vault count percentage of total count
                 A         B        C        D         E       F
            +---------+---------+-------+---------+---------+-------
      Total |     156 |       0 |   0.0 |      62 |       0 |   0.0
            +---------+---------+-------+---------+---------+-------
        D:1 |      36 |       0 |   0.0 |      20 |       0 |   0.0
        D:2 |      42 |       0 |   0.0 |      16 |       0 |   0.0
        D:3 |      25 |       0 |   0.0 |      12 |       0 |   0.0
        D:4 |      53 |       0 |   0.0 |      14 |       0 |   0.0
            +---------+---------+-------+---------+---------+-------
